TOP OF THE 1ST |
Colorado Buffaloes batting - Pitching for Villanova Wildcats : RHP Bob Hardy
|
Pitching: RHP Bob Hardy
|
|
Batting: RHB Rob Groves
|
0-0: Ball 1-0: Swinging Strike 1-1: Ball 2-1: Called Strike 2-2: Strikes out swinging
|
Batting: LHB Jack Caldwell
|
0-0: Called Strike 0-1: Ball 1-1: Foul Ball, location: 2F 1-2: Foul Ball, location: 2F 1-2: Ball 2-2: SOLO HOME RUN (Flyball, 9D), Distance : 346 ft
|
Batting: RHB Ed Moore
|
0-0: Called Strike 0-1: Ground out 6-3 (Groundball, 6)
|
Batting: LHB Miguel Sánchez
|
0-0: DOUBLE (Line Drive, 89M)
|
Batting: RHB Ray Rogers
|
0-0: Fly out, F7 (Flyball, 78XD)
|
Top of the 1st over - 1 run(s), 2 hit(s), 0 error(s), 1 left on base; Colorado 1 - Villanova 0 |
BOTTOM OF THE 1ST |
Villanova Wildcats batting - Pitching for Colorado Buffaloes : RHP Steve Floyd
|
Pitching: RHP Steve Floyd
|
|
Batting: RHB Tomás Carranza
|
0-0: Called Strike 0-1: SINGLE (Groundball, 25) (infield hit)
|
Batting: RHB Gunner Allen
|
0-0: Ball 1-0: Called Strike 1-1: Ball 2-1: Grounds into double play, 6-4-3 (Groundball, 6)
|
Batting: RHB Ben Hall
|
0-0: Ground out 5-3 (Groundball, 5S)
|
Bottom of the 1st over - 0 run(s), 1 hit(s), 0 error(s), 0 left on base; Colorado 1 - Villanova 0 |
TOP OF THE 2ND |
Colorado Buffaloes batting - Pitching for Villanova Wildcats : RHP Bob Hardy
|
Batting: LHB Craig Kenney
|
0-0: Ball 1-0: SINGLE (Groundball, 34D)
|
Batting: RHB Ramón Chávez
|
0-0: Called Strike Craig Kenney steals 2nd base 0-1: Ball 1-1: Foul Ball, location: 2F 1-2: Ball 2-2: Ball 3-2: Strikes out swinging
|
Batting: RHB Esteban Lara
|
0-0: Ball 1-0: Swinging Strike 1-1: Foul Ball, location: 2F 1-2: Foul Ball, location: 2F 1-2: Ball 2-2: Foul Ball, location: 2F 2-2: DOUBLE (Flyball, 89M) Craig Kenney scores
|
Batting: RHB Desi Parkinson
|
0-0: Called Strike 0-1: Ball 1-1: Foul Ball, location: 2F 1-2: Ball 2-2: Strikes out swinging
|
Batting: RHB Rob Groves
|
0-0: Ball 1-0: Foul Ball, location: 2F 1-1: Ball 2-1: Ball 3-1: Called Strike 3-2: Foul Ball, location: 2F 3-2: Base on Balls
|
Batting: LHB Jack Caldwell
|
0-0: Called Strike 0-1: Called Strike 0-2: Strikes out swinging
|
Top of the 2nd over - 1 run(s), 2 hit(s), 0 error(s), 2 left on base; Colorado 2 - Villanova 0 |
BOTTOM OF THE 2ND |
Villanova Wildcats batting - Pitching for Colorado Buffaloes : RHP Steve Floyd
|
Batting: RHB Leonardo Williams
|
0-0: Called Strike 0-1: Ball 1-1: Foul Ball, location: 2F 1-2: Strikes out swinging
|
Batting: RHB Keith Walker
|
0-0: Called Strike 0-1: Foul Ball, location: 2F 0-2: Ball 1-2: Ball 2-2: Strikes out looking
|
Batting: LHB Al Bartlett
|
0-0: Foul Ball, location: 2F 0-1: Fly out, F8 (Flyball, 89D)
|
Bottom of the 2nd over - 0 run(s), 0 hit(s), 0 error(s), 0 left on base; Colorado 2 - Villanova 0 |
TOP OF THE 3RD |
Colorado Buffaloes batting - Pitching for Villanova Wildcats : RHP Bob Hardy
|
Batting: RHB Ed Moore
|
0-0: Called Strike 0-1: Foul Ball, location: 2F 0-2: Strikes out swinging
|
Batting: LHB Miguel Sánchez
|
0-0: Ball 1-0: Ground out 6-3 (Groundball, 6)
|
Batting: RHB Ray Rogers
|
0-0: Swinging Strike 0-1: Hit by Pitch
|
Batting: LHB Craig Kenney
|
0-0: Called Strike 0-1: Ball 1-1: Ball 2-1: Foul Ball, location: 2F 2-2: Ball 3-2: SINGLE (Groundball, 6M) Ray Rogers to second Ray Rogers to third
|
Batting: RHB Ramón Chávez
|
0-0: Ball 1-0: Ball 2-0: Swinging Strike 2-1: Swinging Strike 2-2: Foul Ball, location: 2F 2-2: Foul Ball, location: 2F 2-2: Foul Ball, location: 2F 2-2: Strikes out looking
|
Top of the 3rd over - 0 run(s), 1 hit(s), 0 error(s), 2 left on base; Colorado 2 - Villanova 0 |
|
|
BOTTOM OF THE 3RD |
Villanova Wildcats batting - Pitching for Colorado Buffaloes : RHP Steve Floyd
|
Batting: RHB Ken Craft
|
0-0: Ball 1-0: Foul Ball, location: 2F 1-1: Ball 2-1: Foul Ball, location: 2F 2-2: Strikes out swinging
|
Batting: SHB Harry Goff
|
0-0: Ground out U3 (Groundball, 3S)
|
Batting: RHB Mark Hess
|
0-0: Called Strike 0-1: Ball 1-1: Ground out 6-3 (Groundball, 6)
|
Bottom of the 3rd over - 0 run(s), 0 hit(s), 0 error(s), 0 left on base; Colorado 2 - Villanova 0 |
TOP OF THE 4TH |
Colorado Buffaloes batting - Pitching for Villanova Wildcats : RHP Bob Hardy
|
Batting: RHB Esteban Lara
|
0-0: Called Strike 0-1: Ball 1-1: Foul Ball, location: 2F 1-2: Strikes out looking
|
Batting: RHB Desi Parkinson
|
0-0: Called Strike 0-1: Ball 1-1: Ball 2-1: Ball 3-1: Base on Balls
|
Batting: RHB Rob Groves
|
0-0: Foul Ball, location: 2F 0-1: Ball 1-1: Called Strike 1-2: Ball 2-2: Foul Ball, location: 2F 2-2: Ball 3-2: Base on Balls Desi Parkinson to second
|
Pitching: RHP Brad Mathis
|
|
Batting: LHB Jack Caldwell
|
0-0: Fly out, F9 (Flyball, 89M)
|
Batting: RHB Ed Moore
|
0-0: Ball 1-0: Called Strike 1-1: Foul Ball, location: 2F 1-2: Foul Ball, location: 2F 1-2: Fly out, F7 (Flyball, 78D)
|
Top of the 4th over - 0 run(s), 0 hit(s), 0 error(s), 2 left on base; Colorado 2 - Villanova 0 |
BOTTOM OF THE 4TH |
Villanova Wildcats batting - Pitching for Colorado Buffaloes : RHP Steve Floyd
|
Batting: RHB Tomás Carranza
|
0-0: Foul Ball, location: 2F 0-1: Ground out 4-3 (Groundball, 4)
|
Batting: RHB Gunner Allen
|
0-0: Swinging Strike 0-1: Called Strike 0-2: Strikes out swinging
|
Batting: RHB Ben Hall
|
0-0: Called Strike 0-1: Called Strike 0-2: Strikes out swinging
|
Bottom of the 4th over - 0 run(s), 0 hit(s), 0 error(s), 0 left on base; Colorado 2 - Villanova 0 |
TOP OF THE 5TH |
Colorado Buffaloes batting - Pitching for Villanova Wildcats : RHP Brad Mathis
|
Batting: LHB Miguel Sánchez
|
0-0: Ground out 4-3 (Groundball, 4)
|
Batting: RHB Ray Rogers
|
0-0: Called Strike 0-1: Called Strike 0-2: Foul Ball, location: 2F 0-2: Strikes out swinging
|
Batting: LHB Craig Kenney
|
0-0: Ball Reached via error on a dropped throw, E3
|
Batting: RHB Ramón Chávez
|
0-0: Ball 1-0: Called Strike 1-1: Swinging Strike 1-2: Ball 2-2: Ball 3-2: Foul Ball, location: 2F 3-2: Strikes out swinging
|
Top of the 5th over - 0 run(s), 0 hit(s), 1 error(s), 1 left on base; Colorado 2 - Villanova 0 |
BOTTOM OF THE 5TH |
Villanova Wildcats batting - Pitching for Colorado Buffaloes : RHP Steve Floyd
|
Batting: RHB Leonardo Williams
|
0-0: Ball 1-0: Foul Ball, location: 2F 1-1: Foul Ball, location: 2F 1-2: Foul Ball, location: 2F 1-2: SINGLE (Line Drive, 6D)
|
Batting: RHB Keith Walker
|
0-0: Foul Ball, location: 2F 0-1: Ball 1-1: Ball 2-1: Foul Ball, location: 2F 2-2: Foul Ball, location: 2F 2-2: Strikes out swinging
|
Batting: LHB Al Bartlett
|
0-0: Ball Leonardo Williams is caught stealing 2nd base 1-0: Called Strike 1-1: TRIPLE (Line Drive, 78M)
|
Batting: RHB Ken Craft
|
0-0: Ball 1-0: Fly out, F7 (Flyball, 7M)
|
Bottom of the 5th over - 0 run(s), 2 hit(s), 0 error(s), 1 left on base; Colorado 2 - Villanova 0 |
TOP OF THE 6TH |
Colorado Buffaloes batting - Pitching for Villanova Wildcats : RHP Brad Mathis
|
Batting: RHB Esteban Lara
|
0-0: Fly out, F9 (Line Drive, 9M)
|
Batting: RHB Desi Parkinson
|
0-0: DOUBLE (Line Drive, 7LM)
|
Batting: RHB Rob Groves
|
0-0: Ball 1-0: Foul Ball, location: 2F 1-1: Ball 2-1: Foul Ball, location: 2F 2-2: Ball 3-2: Base on Balls
|
Batting: LHB Jack Caldwell
|
0-0: Ball 1-0: Ground out 4-3 (Groundball, 4M) Desi Parkinson to third Rob Groves to second
|
Batting: RHB Ed Moore
|
0-0: Swinging Strike 0-1: Swinging Strike 0-2: SINGLE (Line Drive, 3D) Desi Parkinson scores Rob Groves to third Runner from 3rd tries for Home, SAFE, no throw or cutoff
|
Batting: LHB Miguel Sánchez
|
0-0: Called Strike 0-1: Ball 1-1: Called Strike 1-2: Foul Ball, location: 2F 1-2: SINGLE (Groundball, 4MD) Ed Moore to second
|
Batting: RHB Ray Rogers
|
0-0: Ball 1-0: Called Strike 1-1: Fly out, F7 (Flyball, 78M)
|
Top of the 6th over - 2 run(s), 3 hit(s), 0 error(s), 2 left on base; Colorado 4 - Villanova 0 |
BOTTOM OF THE 6TH |
Villanova Wildcats batting - Pitching for Colorado Buffaloes : RHP Steve Floyd
|
Batting: SHB Harry Goff
|
0-0: Foul Ball, location: 2F 0-1: Called Strike 0-2: Ball 1-2: Fly out, F9 (Flyball, 89M)
|
Batting: RHB Mark Hess
|
0-0: Ball 1-0: Swinging Strike 1-1: Ball 2-1: Swinging Strike 2-2: Strikes out swinging
|
Batting: RHB Tomás Carranza
|
0-0: SOLO HOME RUN (Flyball, 78XD), Distance : 383 ft
|
Batting: RHB Gunner Allen
|
0-0: Ball 1-0: Called Strike 1-1: Ball 2-1: Called Strike 2-2: Ball 3-2: Strikes out swinging
|
Bottom of the 6th over - 1 run(s), 1 hit(s), 0 error(s), 0 left on base; Colorado 4 - Villanova 1 |
TOP OF THE 7TH |
Colorado Buffaloes batting - Pitching for Villanova Wildcats : RHP Brad Mathis
|
Pitching: RHP Rob McAllister
|
|
Batting: LHB Craig Kenney
|
0-0: Ball 1-0: Reached on error, E6 (Groundball, 6M)
|
Batting: RHB Ramón Chávez
|
0-0: Bunted foul 0-1: Bunted foul 0-2: 2-RUN HOME RUN (Flyball, 7LD), Distance : 340 ft
|
Batting: RHB Esteban Lara
|
0-0: Foul Ball, location: 2F 0-1: Called Strike 0-2: SINGLE (Line Drive, 6MD)
|
Batting: RHB Desi Parkinson
|
0-0: Ball 1-0: Sac Bunt - play at first, batter OUT! 1-3 Esteban Lara to second
|
Batting: RHB Rob Groves
|
0-0: Ball Esteban Lara steals 3rd base 1-0: TRIPLE (Flyball, 9LM) Esteban Lara scores
|
Batting: LHB Jack Caldwell
|
0-0: Ball 1-0: Swinging Strike 1-1: Ball Wild Pitch! Rob Groves scores 2-1: Ball 3-1: Base on Balls
|
Pitching: RHP Nick Perkins
|
|
Batting: RHB Ed Moore
|
0-0: Ball 1-0: Fly out, F8 (Flyball, 8LXD)
|
Batting: LHB Miguel Sánchez
|
0-0: Foul Ball, location: 2F 0-1: Swinging Strike 0-2: Ball 1-2: 2-RUN HOME RUN (Flyball, 7D), Distance : 358 ft
|
Batting: RHB Ray Rogers
|
0-0: Ball 1-0: Swinging Strike 1-1: Ball 2-1: Foul Ball, location: 2F 2-2: Strikes out swinging
|
Top of the 7th over - 6 run(s), 4 hit(s), 1 error(s), 0 left on base; Colorado 10 - Villanova 1 |
BOTTOM OF THE 7TH |
Villanova Wildcats batting - Pitching for Colorado Buffaloes : RHP Steve Floyd
|
Batting: RHB Ben Hall
|
0-0: Ball 1-0: Ball 2-0: Ball 3-0: Called Strike 3-1: Called Strike 3-2: Foul Ball, location: 2F 3-2: Foul Ball, location: 2F 3-2: SINGLE (Groundball, 4MD)
|
Batting: RHB Leonardo Williams
|
0-0: Ball 1-0: Ball 2-0: Fly out, F9 (Flyball, 9M)
|
Batting: RHB Keith Walker
|
0-0: Fly out, F9 (Flyball, 89M)
|
Batting: LHB Al Bartlett
|
0-0: Called Strike 0-1: Swinging Strike 0-2: Strikes out looking
|
Bottom of the 7th over - 0 run(s), 1 hit(s), 0 error(s), 1 left on base; Colorado 10 - Villanova 1 |
TOP OF THE 8TH |
Colorado Buffaloes batting - Pitching for Villanova Wildcats : RHP Nick Perkins
|
Batting: LHB Craig Kenney
|
0-0: SINGLE (Line Drive, 8RS)
|
Batting: RHB Ramón Chávez
|
0-0: Bunt missed! 0-1: Sac Bunt - play at first, batter OUT! 1-4 Craig Kenney to second
|
Batting: RHB Esteban Lara
|
0-0: Ball 1-0: SINGLE (Flyball, 4D) Craig Kenney to third
|
Batting: RHB Desi Parkinson
|
0-0: Fly out, F9 (Flyball, 9LM) Runner from 3rd tags up, SCORES, no throw
|
Batting: RHB Rob Groves
|
0-0: Foul Ball, location: 2F 0-1: Ball 1-1: Swinging Strike 1-2: Ball 2-2: Ball 3-2: Strikes out looking
|
Top of the 8th over - 1 run(s), 2 hit(s), 0 error(s), 1 left on base; Colorado 11 - Villanova 1 |
BOTTOM OF THE 8TH |
Villanova Wildcats batting - Pitching for Colorado Buffaloes : RHP Steve Floyd
|
Pitching: LHP Brian Potts
|
|
Now at 2B: Lynwood Edgar
|
|
Batting: RHB Ken Craft
|
0-0: Ball 1-0: Foul Ball, location: 2F 1-1: Called Strike 1-2: Strikes out swinging
|
Batting: SHB Harry Goff
|
0-0: Foul Ball, location: 2F 0-1: Swinging Strike 0-2: Ball 1-2: Strikes out swinging
|
Batting: RHB Mark Hess
|
0-0: Ground out 6-3 (Groundball, 6)
|
Bottom of the 8th over - 0 run(s), 0 hit(s), 0 error(s), 0 left on base; Colorado 11 - Villanova 1 |
TOP OF THE 9TH |
Colorado Buffaloes batting - Pitching for Villanova Wildcats : RHP Nick Perkins
|
Pinch Hitting: LHB Sixto Cortés
|
0-0: Ball 1-0: Fly out, F8 (Flyball, 78M)
|
Batting: RHB Ed Moore
|
0-0: Called Strike 0-1: Ball 1-1: Called Strike 1-2: Ball 2-2: Strikes out swinging
|
Batting: LHB Miguel Sánchez
|
0-0: Called Strike 0-1: SINGLE (Groundball, 56D)
|
Batting: RHB Ray Rogers
|
0-0: Called Strike Miguel Sánchez steals 2nd base 0-1: 2-RUN HOME RUN (Flyball, 78XD), Distance : 370 ft
|
Batting: LHB Craig Kenney
|
0-0: Ball 1-0: Ground out 1-3 (Groundball, 15S)
|
Top of the 9th over - 2 run(s), 2 hit(s), 0 error(s), 0 left on base; Colorado 13 - Villanova 1 |
BOTTOM OF THE 9TH |
Villanova Wildcats batting - Pitching for Colorado Buffaloes : LHP Brian Potts
|
Now at 1B: Sixto Cortés
|
|
Batting: RHB Tomás Carranza
|
0-0: Ball 1-0: Foul Ball, location: 2F 1-1: SINGLE (Line Drive, 9S)
|
Batting: RHB Gunner Allen
|
0-0: Ball 1-0: Called Strike 1-1: Ball 2-1: Ball 3-1: Base on Balls Tomás Carranza to second
|
Batting: RHB Ben Hall
|
0-0: Ball 1-0: Foul Ball, location: 2F 1-1: Ball 2-1: Called Strike 2-2: Ball 3-2: Strikes out looking
|
Batting: RHB Leonardo Williams
|
0-0: Called Strike 0-1: Ball 1-1: Fielders Choice at 2nd, 2-6 (Groundball, 2L) Tomás Carranza to third
|
Batting: RHB Keith Walker
|
0-0: Called Strike 0-1: Ball 1-1: Fielders Choice at 2nd, U6 (Groundball, 6M)
|
Bottom of the 9th over - 0 run(s), 1 hit(s), 0 error(s), 2 left on base; Colorado 13 - Villanova 1 |
|
|